 Dungeon Crawl Stone Soup version 0.32-a0-913-g739538afd8 (webtiles) character file.

Game seed: 438526311894463871

74 Dirtsage the Insei (level 4, 35/35 HPs)
             Began as a Demonspawn Monk on Apr 9, 2024.
             Quit the game on level 2 of the Dungeon.
             The game lasted 00:02:19 (1167 turns).

Dirtsage the Insei (Demonspawn Monk)                Turns: 1167, Time: 00:02:20

Health: 35/35      AC:  2    Str: 13    XL:     4   Next: 10%
Magic:  4/4        EV: 11    Int: 11    God:
Gold:   38         SH:  0    Dex: 15    Spells: 3/3 levels left

rFire   . .          .
                       - Unarmed
rCold   . . .        c - orb {light}
rNeg    . . .        a - +0 robe
rPois   .            (no helmet)
rElec   .            (no cloak)
rCorr   .            (no gloves)
SInv    .            (no boots)
Will    .....        (no amulet)
Stlth   +            (no ring)
HPRegen 0.25/turn    (no ring)
MPRegen 0.09/turn

%: no passive effects
@: glowing
A: foul stench 1
a: no special abilities


You were on level 2 of the Dungeon.
You visited 1 branch of the dungeon, and saw 2 of its levels.

You collected 38 gold pieces.

Inventory:

Armour
 a - a +0 robe (worn)
 c - an orb of light (worn)
Scrolls
 d - 5 scrolls of teleportation {unknown}
 e - a scroll of vulnerability {unknown}
 g - 2 scrolls of identify {unknown}
 h - a scroll of immolation {unknown}
Potions
 b - a potion of ambrosia
 f - a potion of degeneration {unknown}
 i - a potion of mutation {unknown}
 j - a potion of might {unknown}


   Skills:
 - Level 3.0 Fighting
 - Level 2.6 Dodging
 + Level 4.5 Unarmed Combat


You had 3 spell levels left.
You didn't know any spells.
Your spell library contained the following spells:

 Spells                   Type           Power      Damage    Failure   Level
 Magic Dart               Conj           0%         1d3       34%         1
 Searing Ray              Conj           0%         2d4       47%         2
 Fulminant Prism          Conj/Alch      0%         3d5       98%         4


Dungeon Overview and Level Annotations

Branches:
Dungeon (2/15)

Altars:

Shops:
D:1 *


Innate Abilities, Weirdness & Mutations

You may rarely emit foul miasma when damaged in melee.


Message History

You hit the dart slug.
The dart slug is almost dead.
The dart slug launches a dart at you. The slug dart misses you.
You hit the dart slug.
You kill the dart slug!
No target in view!
No target in view!
You now have 38 gold pieces (gained 2).
Things that are here:
a +0 dagger; a goblin corpse
Found a stone staircase leading down.
A goblin comes into view. It is wielding a +4 dagger.
The goblin shouts!
The goblin misses you.
You barely miss the goblin. The goblin completely misses you.
You hit the goblin.
You kill the goblin!
No target in view!
You see here a +4 dagger.
You pick up a book of Conjurations and begin reading...
You add the spells Magic Dart, Searing Ray and Fulminant Prism to your library.
Found a stone staircase leading up.
No target in view!
No target in view!
There is a stone staircase leading up here.
An adder comes into view.
The adder hisses angrily.
You hit the adder.
The adder is severely wounded.
The adder barely misses you.
You hit the adder.
You kill the adder!
You have reached level 4!
You feel clever.
Health restored: 35; MP restored: 4 You see here an adder corpse.
A rat comes into view.
The rat squeaks loudly.
Are you sure you want to abandon this character and quit the game? (Confirm with "yes".)

## ## ### ## .##ß###ß###ß
#.## .+.........# #...
.#.........# #..#
.#.+###....## #..# #
......#....ß# #..##.#
......#....##.##.....###
#..[..'....##.r.........
#.....#....## #@#
#.....#....ß# #.#
#.....#....#####.#
#.....#.......##.#######
#.....##..#.#.##....†..#
#.....##....#.########.#
...)......###.########.####
##..####..#...............#
...............>...###.##.#


You could see a rat.

Vanquished Creatures
  2 adders (D:2)
  4 dart slugs
  A ribbon worm (D:2)
  2 ball pythons
  4 endoplasms
  2 giant cockroaches
  6 goblins
  6 hobgoblins
  3 jackals (D:2)
  2 quokkas (D:2)
  5 bats
  A kobold (D:1)
  3 rats
41 creatures vanquished.

Notes
Turn   | Place    | Note
-------+----------+-------------------------------------------
     0 | D:1      | Dirtsage the Demonspawn Monk began the quest for the Orb.
     0 | D:1      | Reached XP level 1. HP: 18/18 MP: 1/1
    40 | D:1      | Reached skill level 3 in Unarmed Combat
   136 | D:1      | Found Qatwesubb's General Store.
   162 | D:1      | Gained mutation: You may rarely emit foul miasma when
                  | damaged in melee. [demonic ancestry]
   162 | D:1      | Reached XP level 2. HP: 24/24 MP: 2/2
   583 | D:2      | Reached XP level 3. HP: 19/29 MP: 3/3
   642 | D:2      | Reached skill level 4 in Unarmed Combat
   809 | D:2      | Found a faded altar of an unknown god.
  1158 | D:2      | Reached XP level 4. HP: 35/35 MP: 4/4
  1167 | D:2      | Quit the game

Illustrated notes

Levels and vault maps discovered:
D:1:      heliophobic_arrival_glass_houses, layout_rooms, serial_shops,
          nicolae_shop_tiny_real_fake_doors
D:2:      layout_basic, serial_corexii_hall, chequers_hall_statues_corner_a,
          corexii_hall_statues_l, ebering_ecumenical_altar_petrified,
          basic_altar, minmay_bisected

Skill      XL: |  1  2  3 |
---------------+----------+-----
Unarmed Combat | 3 4 |  4.5
Fighting       | |  3.0
Dodging        | |  2.6

Action                     |  1- 3 |  4- 6 || total
---------------------------+-------+-------++-------
  Melee: Unarmed           |   144 |       ||   144
 Armour: Robe              |    68 |       ||    68
  Dodge: Dodged            |   107 |       ||   107

Table legend: (Time is in decaauts)
 A = Elapsed time spent in this place.
 B = Non-inter-level travel time spent in this place.
 C = Inter-level travel time spent in this place.
 D = Time resting spent in this place.
 E = Time spent auto-exploring this place.
 F = Levels seen in this place.
 G = Mean time per level.
                   A        B        C        D        E       F      G
               +--------+--------+--------+--------+--------+-----+--------+
         Total |   1155 |   1148 |      7 |      0 |    872 |   2 |  577.5 |
       Dungeon |   1155 |   1148 |      7 |      0 |    872 |   2 |  577.5 |
               +--------+--------+--------+--------+--------+-----+--------+

Top non-repeatable levels by time:
     D:2: 624 daAuts
     D:1: 531 daAuts
